 Dungeon Crawl Stone Soup version 0.30.1-9-gdf580d7c3d (webtiles) character file.

Game seed: 10095143982222038092

13705 pkoi the Martial Artist (level 11, -1/87 HPs)
             Began as a White Draconian Monk on Oct 23, 2023.
             Was the Champion of Hepliaklqana.
             Slain by a yak (13 damage)
             ... on level 2 of the Lair of Beasts.
             The game lasted 00:18:10 (12488 turns).

pkoi the Martial Artist (White Draconian Monk)     Turns: 12488, Time: 00:18:11

Health: -1/87      AC: 10    Str: 14    XL:     11   Next: 79%
Magic:  18/18      EV: 15    Int: 17    God:    Hepliaklqana [******]
Gold:   721        SH:  0    Dex: 14    Spells: 12/20 levels left

rFire   + .          .
                       - Unarmed
rCold   + + +        (no shield)
rNeg    . . .        (body armour unavailable)
rPois   +            (helmet restricted)
rElec   .            e - +0 cloak of Pandemonium {+Inv Regen+ Int+3}
rCorr   .            (no gloves)
SInv    .            m - +1 pair of boots
Will    .....        r - amulet of regeneration
Stlth   +            G - ring "Focvedes" {rPois rC++}
HPRegen 1.94/turn    l - ring of protection from fire
MPRegen 0.16/turn

%: no passive effects
@: confused, lethally poisoned (-1 -> -2), short of breath, ambrosia-drunk,
freezing walls
A: reduced essence, breathe frost, AC +7, unfitting armour, cold resistance 1,
cold-blooded
a: Breathe Frost, Renounce Religion, Evoke Invisibility, Recall Ancestor,
Ancestor Identity, Transference, Idealise


You were on level 2 of the Lair of Beasts.
You worshipped Hepliaklqana.
Hepliaklqana was exalted by your worship.
You visited 3 branches of the dungeon, and saw 14 of its levels.
You also visited: Bailey.

You collected 721 gold pieces.

Inventory:

Hand Weapons
 h - a +0 dagger of speed
 s - a +1 shortbow
 v - a +2 whip of flaming
Missiles
 H - 2 throwing nets
Armour
 b - an orb of light
 e - the +0 cloak of Pandemonium (worn) {+Inv Regen+ Int+3}
   (You acquired it on level 11 of the Dungeon)

   Int:       It affects your intelligence (+3).
   +Inv:      It lets you turn invisible.
   Regen:     It increases your rate of health regeneration.
 m - a +1 pair of boots (worn)
 A - a scarf of shadows
Jewellery
 l - a ring of protection from fire (right hand)
 r - an amulet of regeneration (around neck)
 u - an amulet of reflection
 w - a ring of fire
 y - a +6 ring of intelligence
 E - a +6 ring of dexterity
 G - the ring "Focvedes" (left hand) {rPois rC++}
   (You acquired it on level 10 of the Dungeon)

   [ring of poison resistance]

   rC:        It greatly protects you from cold.
   rPois:     It protects you from poison.
Wands
 p - a wand of flame (28)
 x - a wand of digging (7)
 z - a wand of iceblast (4)
 C - a wand of polymorph (10)
Scrolls
 c - 3 scrolls of enchant weapon
 g - 9 scrolls of teleportation
 n - 3 scrolls of poison
 o - 2 scrolls of butterflies
 q - a scroll of immolation
 D - a scroll of amnesia
 I - a scroll of blinking
 J - a scroll of identify
Potions
 a - 10 potions of ambrosia
 d - a potion of magic
 f - a potion of brilliance
 i - 2 potions of lignification
 j - 4 potions of heal wounds
 k - 9 potions of curing
 t - a potion of flight
 B - a potion of might
 F - a potion of attraction


   Skills:
 - Level 9.0 Fighting
 + Level 8.0 Dodging
 + Level 11.0 Unarmed Combat
 + Level 5.2 Spellcasting
 - Level 3.0 Translocations
 + Level 5.7 Ice Magic
 * Level 8.9 Invocations


You had 12 spell levels left.
You knew the following spells:

 Your Spells              Type           Power      Damage    Failure   Level
a - Blink                 Tloc           28%        N/A       6%          2
b - Ozocubu's Armour      Ice            24%        N/A       3%          3
c - Frozen Ramparts       Ice            48%        1d8       3%          3

Your spell library contained the following spells:

 Spells                   Type           Power      Damage    Failure   Level
 Freeze                   Ice            96%        1d10      1%          1
 Lesser Beckoning         Tloc           28%        N/A       6%          2
 Momentum Strike          Conj/Tloc      18%        3d8       12%         2
 Hailstorm                Conj/Ice       14%        3d5       13%         3
 Necrotise                Necr           16%        1d4       14%         1
 Vampiric Draining        Necr           4%         2d6       38%         3
 Agony                    Necr           4%         N/A       98%         5
 Blade Hands              Tmut           2%         N/A       98%         5
 Irradiate                Conj/Tmut      2%         3d12      98%         5
 Dragon Form              Tmut           2%         N/A       100%        7
 Ozocubu's Refrigeration  Ice            12%        4d10      100%        7


Dungeon Overview and Level Annotations

Branches:
Dungeon (11/15)            Temple (1/1) D:5            Lair (2/5) D:11
 Spider (0/4) Lair:2          Orc (0/2) D:9          Bailey (visited)
  Swamp: Lair:2-3    Shoals: Lair:2-3

Altars:
Ashenzari
Cheibriados
Dithmenos
Elyvilon
Fedhas
Gozag
Hepliaklqana
Kikubaaqudgha
Makhleb
Nemelex Xobeh
Okawaru
Qazlal
Ru
Sif Muna
Trog
Uskayaw
Vehumet
Wu Jian
Xom
Yredelemnul
Zin
The Shining One

Shops:
D:5 *

Annotations:
D:10 1 runed translucent door


Innate Abilities, Weirdness & Mutations

Your life essence is reduced to manifest your ancestor. (-10% HP)
You can breathe waves of freezing cold which knock back foes.
Your icy white scales are hard. (AC +7)
You cannot fit into any form of body armour.
Your flesh is cold resistant. (rC+)
You are cold-blooded and may be slowed by cold attacks.


Message History

You kill the yak!
The frozen ramparts melt away.
You feel very sick.
The cane toad stings you but does no damage.
Unknown command.
Unknown command.
Casting: Frozen Ramparts (mildly dangerous; 4% risk of failure)
Confirm with . or Enter, or press ? or * to list all spells.
Casting: Frozen Ramparts (mildly dangerous; 4% risk of failure)
Press: ? - help, Dir - look around, f - activate The walls around you are covered in ice.
You feel very sick.
The wall freezes the yak but does no damage.
The wall freezes the yak. x2
The wall freezes the cane toad but does no damage.
The cane toad barely misses you.
Unknown command.
You hit the cane toad.
The cane toad is severely wounded.
You feel sick.
The wall freezes the yak. x2; The wall freezes the cane toad.
The cane toad seems to slow down.
The cane toad stings you!
* * * LOW HITPOINT WARNING * * *
Unknown command.
You punch the cane toad!
You kill the cane toad!
You feel sick.
The wall freezes the yak.
The wall freezes the yak but does no damage.
The wall freezes the yak.
Your Dodging skill increases to level 8!
Unknown command.
You are confused.
You feel invigorated.
You feel sick.
The wall freezes the yak but does no damage.
The yak gores you!
* * * LOW HITPOINT WARNING * * *
The wall freezes the yak.
The wall freezes the yak but does no damage.
Unknown command.
You feel sick.
The wall freezes the yak.
The yak gores you!
You die...

##...####...............# .#....
#..†.# ##..............## ##....
##...###..###PR#......### ....
#....###..####.##....#.# ....
#...## #..# ####.....## Y.Y.
#...####.[# #......#### ....
##...#P#..## ##....##P.###....
#.........P# ###.............Y.
#.........######@YY..............
##........#....###...............
#...............................
#....................#######.#..
##....................# ####
#......P#.##.....†....#
.#...#...........†....##
##...#...........†.....#
##.........#....#.....##


You could see 2 yaks.

Vanquished Creatures
  Pikel (D:4)
  3 cane toads
  A kobold demonologist (D:11)
  A tengu conjurer (D:10)
  A queen bee (D:11)
  2 polar bears
  Sigmund (D:6)
  A wraith (D:11)
  A culicivora (Lair:2)
  7 yaks
  A basilisk (Lair:1)
  2 wargs (D:9)
  Menkaure (D:5)
  3 water moccasins
  2 ice beasts
  A sky beast (D:7)
  3 black bears
  6 wolves
  2 centaurs
  A lemure (D:3)
  A phantom (D:6)
  6 kobold brigands
  A gnoll sergeant (D:9)
  A bullfrog (Lair:1)
  3 scorpions
  2 wights (D:9)
  21 killer bees
  2 electric eels
  A howler monkey (D:8)
  3 hounds
  A sleepcap (D:5)
  An iguana (D:5)
  Natasha (thrice) (D:3)
  Robin (D:4)
  8 gnolls
  3 adders
  2 white imps
  4 worms
  5 dart slugs
  4 orcs
  7 ball pythons
  7 bats
  15 endoplasms
  A giant cockroach (D:3)
  12 goblins
  6 hobgoblins
  5 jackals
  5 quokkas
  3 frilled lizards
  A jackal zombie (D:10)
  17 kobolds
  2 rats (D:3)
195 creatures vanquished.

Vanquished Creatures (collateral kills)
  A black mamba (Lair:1)
  A kobold demonologist (D:11)
  2 unseen horrors (D:10)
  A troll (D:9)
  Prince Ribbit (D:5)
  A hornet (D:10)
  A shadow (D:11)
  2 vampires
  4 yaks (D:10)
  A steam dragon (D:9)
  Edmund (D:5)
  A warg (D:9)
  A water moccasin (Lair:2)
  3 orc warriors
  A sky beast (D:7)
  2 centaurs (D:9)
  5 wolves (Lair:2)
  A kobold brigand (D:11)
  2 scorpions (D:5)
  2 bullfrogs
  4 wights
  9 killer bees
  2 howler monkeys (D:8)
  An electric eel (D:11)
  A jelly (D:6)
  A human zombie (D:10)
  3 iguanas
  4 orc wizards
  3 gnolls
  2 white imps (D:8)
  2 ufetubi (D:8)
  9 orcs
  An endoplasm (D:4)
  2 hobgoblins (D:4)
  6 goblins
  5 kobolds (D:11)
89 creatures vanquished.

Vanquished Creatures (others)
  5 battlemagi
5 creatures vanquished.

Grand Total: 289 creatures vanquished

Notes
Turn   | Place    | Note
-------+----------+-------------------------------------------
     0 | D:1      | pkoi the Draconian Monk began the quest for the Orb.
     0 | D:1      | Reached XP level 1. HP: 19/19 MP: 1/1
   128 | D:1      | Reached XP level 2. HP: 26/26 MP: 2/2
   494 | D:1      | Reached skill level 4 in Unarmed Combat
   762 | D:2      | Reached XP level 3. HP: 29/31 MP: 3/3
  1590 | D:3      | Reached XP level 4. HP: 36/38 MP: 4/4
  1591 | D:3      | Reached skill level 5 in Unarmed Combat
  1673 | D:3      | Noticed Natasha
  1683 | D:3      | Killed Natasha
  1832 | D:3      | Found a faded altar of an unknown god.
  2018 | D:2      | Reached XP level 5. HP: 29/45 MP: 5/5
  2126 | D:3      | Noticed Natasha
  2134 | D:3      | Killed Natasha
  2135 | D:3      | Reached skill level 6 in Unarmed Combat
  2465 | D:3      | Noticed Natasha
  2471 | D:3      | Killed Natasha
  2710 | D:4      | Found a hazy altar of Hepliaklqana.
  2711 | D:4      | Noticed a centaur
  2719 | D:4      | Reached skill level 7 in Unarmed Combat
  2719 | D:4      | Reached XP level 6. HP: 32/51 MP: 6/6
  2993 | D:4      | Became a worshipper of Hepliaklqana the Forgotten
  2993 | D:4      | Reached * piety under Hepliaklqana
  2993 | D:4      | Reached ** piety under Hepliaklqana
  2994 | D:4      | Remembered your ancestor Sinna as a battlemage
  3209 | D:4      | Noticed Robin
  3221 | D:4      | Killed Robin
  3440 | D:4      | Learned a level 2 spell: Blink
  3452 | D:5      | Entered Level 5 of the Dungeon
  3659 | D:5      | Found a staircase to the Ecumenical Temple.
  3754 | Temple   | Entered the Ecumenical Temple
  4018 | D:5      | Noticed Pikel
  4236 | D:4      | Killed Pikel
  4237 | D:4      | Reached skill level 5 in Fighting
  4237 | D:4      | Reached skill level 8 in Unarmed Combat
  4237 | D:4      | Your scales start taking on an icy white colour.
  4237 | D:4      | Reached XP level 7. HP: 50/54 MP: 7/7
  4237 | D:4      | Gained mutation: Your flesh is cold resistant. (rC+) [White
                  | Draconian growth]
  4267 | D:5      | Found Gozag's Platinum Reserve.
  4271 | D:5      | Reached XP level 8. HP: 50/61 MP: 8/8
  4367 | D:5      | Found an opulent altar of Gozag.
  4554 | D:5      | Found a snail-covered altar of Cheibriados.
  4554 | D:5      | Noticed Prince Ribbit
  4556 | D:5      | Noticed Menkaure
  4562 | D:5      | Killed Menkaure
  4572 | D:5      | Killed Prince Ribbit
  4573 | D:5      | Reached skill level 5 in Dodging
  4573 | D:5      | Reached skill level 9 in Unarmed Combat
  4894 | D:5      | Found a glowing golden altar of the Shining One.
  4923 | D:5      | Noticed Edmund
  4931 | D:5      | Killed Edmund
  5369 | D:6      | Reached *** piety under Hepliaklqana
  5379 | D:6      | Reached skill level 1 in Invocations
  5381 | D:6      | Reached XP level 9. HP: 64/70 MP: 9/9
  5628 | D:6      | Reached skill level 1 in Spellcasting
  5628 | D:6      | Reached skill level 1 in Translocations
  5638 | D:6      | Noticed Sigmund
  5653 | D:6      | Killed Sigmund
  6114 | D:7      | Found an iron altar of Okawaru.
  6940 | D:7      | Found an ornate altar of the Wu Jian Council.
  7181 | D:8      | Found a white marble altar of Elyvilon.
  7187 | D:8      | Reached **** piety under Hepliaklqana
  7279 | D:8      | Found a flagged portal.
  7293 | Bailey   | Entered a bailey
  7396 | Bailey   | Found a large runed translucent door.
  7396 | Bailey   | Found a large runed translucent door.
  7396 | Bailey   | Noticed a deep elf pyromancer
  7398 | Bailey   | Noticed an orc knight
  7621 | D:8      | Found a burning altar of Makhleb.
  7994 | D:8      | Noticed a polar bear
  8005 | D:8      | Killed a polar bear
  8068 | D:8      | Found a shimmering blue altar of Sif Muna.
  8322 | D:8      | Reached ***** piety under Hepliaklqana
  8395 | D:9      | Reached XP level 10. HP: 72/79 MP: 14/14
  8442 | D:9      | Learned a level 3 spell: Ozocubu's Armour
  8446 | D:9      | Learned a level 3 spell: Frozen Ramparts
  8474 | D:9      | Found a staircase to the Orcish Mines.
  8485 | D:9      | Reached skill level 1 in Ice Magic
  8598 | D:9      | Reached skill level 10 in Unarmed Combat
  8615 | D:9      | Reached skill level 5 in Invocations
  8670 | D:9      | Found a shimmering altar of Xom.
  9250 | D:10     | Entered Level 10 of the Dungeon
  9326 | D:10     | Found a runed translucent door.
  9335 | D:10     | Found a basalt altar of Yredelemnul.
  9636 | D:10     | Paralysed by a hornet for 1 turns
 10119 | D:10     | Identified a scroll of acquirement
 10119 | D:10     | Acquired the ring "Focvedes" {rPois rC++}
 10298 | D:11     | Reached XP level 11. HP: 80/85 MP: 17/17
 10371 | D:11     | Found a blossoming altar of Fedhas.
 10413 | D:11     | Acquired the +0 cloak of Pandemonium {+Inv Regen+ Int+3}
 10670 | D:11     | Found a staircase to the Lair.
 11239 | Lair:1   | Entered Level 1 of the Lair of Beasts
 11250 | Lair:1   | You fall into a shaft and drop 1 floor!
 11546 | Lair:1   | Reached skill level 5 in Ice Magic
 12099 | Lair:2   | Found a hole to the Spider Nest.
 12276 | Lair:2   | Reached ****** piety under Hepliaklqana
 12373 | Lair:2   | Reached skill level 5 in Spellcasting
 12476 | Lair:2   | Reached skill level 11 in Unarmed Combat
 12488 | Lair:2   | Slain by a yak

Illustrated notes

Levels and vault maps discovered:
D:1:      co_arrival_square_in_a_square_in_a_square, layout_basic,
          serial_corexii_hall, corexii_hall_statues_u, corexii_hall_statues_i
D:2:      layout_basic
D:3:      layout_basic, hellmonk_ecumenical_altar_slurped_away,
          corexii_hall_statues_s, uniq_natasha
D:4:      layout_basic, nicolae_hepliaklqana_hazy_memory, uniq_robin
D:5:      layout_loops_ring, nicolae_gozag_zags_fifth_avenue,
          amcnicky_altar_gilded, kennysheep_mini,
          minmay_temple_entry_nine_rooms, uniq_prince_ribbit1, uniq_edmund,
          uniq_menkaure, uniq_pikel
D:6:      layout_loops_ring, nicolae_water_bricks, uniq_sigmund
D:7:      layout_basic, nzn_wu_jian_council_hall,
          mainiacjoe_overflow_cross_hatched
D:8:      layout_gridville, mainiacjoe_overflow_paths, lemuel_round_altar,
          nicolae_overflow_crystal_walls, serial_ice, serial_ice_e,
          serial_ice_m, serial_ice_l, serial_ice_g, enter_bailey_5
D:9:      wander_river, layout_irregular_city, mainiacjoe_overflow_boulevard,
          minmay_orc_entry_guard_dogs
D:10:     layout_long_grid, dk_yredelemnul_ordeal
D:11:     layout_basic, special_room [special_room_bee],
          amcnicky_mini_pool_small, fedhas_altar_2
Temple:   minmay_temple_curvy_loop
Lair:1:   layout_cave_pods
Lair:2:   layout_chaotic_city, nicolae_spider_entry_tight_spaces

Skill      XL: |  1  2  3  4  5  6  7  8  9 10 11 |
---------------+----------------------------------+-----
Unarmed Combat | 4 5 7 8 9 10 11 | 11.0
Dodging        | 4 5 6 7 8 |  8.0
Fighting       | 5 6 7 8 9 |  9.0
Invocations    | 1 4 6 8 |  8.9
Spellcasting   | 2 4 5 |  5.2
Translocations | 2 3 |  3.0
Ice Magic      | 3 5 |  5.7

Action                     |  1- 3 |  4- 6 |  7- 9 | 10-12 || total
---------------------------+-------+-------+-------+-------++-------
  Melee: Unarmed           |   144 |   225 |   153 |   281 ||   803
         Tailslap          |    16 |    25 |    24 |    40 ||   105
         Punch             |     4 |     6 |     9 |    21 ||    40
   Fire: Shortbow          |       |     7 |       |       ||     7
   Cast: Frozen Ramparts   |       |       |       |    13 ||    13
 Invoke: Ancestor Life: Ba |       |     1 |       |       ||     1
         Ancestor Identity |       |     1 |       |       ||     1
         Recall Ancestor   |       |       |     6 |     6 ||    12
Ability: Breathe Frost     |       |       |       |     3 ||     3
  Evoke: Wand              |       |       |     6 |       ||     6
    Use: Scroll            |     4 |     4 |     9 |     5 ||    22
         Potion            |       |       |     3 |     2 ||     5
   Stab: Sleeping          |     2 |       |       |       ||     2
         Distracted        |       |       |     3 |     7 ||    10
 Armour: Skin              |    43 |    80 |    63 |    96 ||   282
  Dodge: Dodged            |    82 |   159 |    93 |   222 ||   556
